Construct Weapon Support Center
Selects Airborne Battlegroup
Selects Airborne Battlegroup
Selects Heavy Machine Gun Paradrop
Heavy Machine Gun Paradrop
Construct Weapon Support Center
Heavy Machine Gun Paradrop
Selects Paratrooper Squad Paradrop
Paratrooper Squad Paradrop
M3 Armored Personnel Carrier
M4(105) Sherman Bulldozer
Selects Anti-tank Gun Team Paradrop
Anti-tank Gun Team Paradrop
M3 Armored Personnel Carrier
Anti-tank Gun Team Paradrop
Paratrooper Squad Paradrop